 Dungeon Crawl Stone Soup version 0.31-a0-232-gb1c03b2570 (webtiles) character file.

Game seed: 14716621245548091097

36 qw the Shooter (level 3, -1/21 HPs)
             Began as a Gargoyle Hexslinger on July 6, 2023.
             Killed from afar by Jessica (6 damage)
             ... with a puff of flame
             ... on level 2 of the Dungeon.
             The game lasted 00:00:25 (856 turns).

qw the Shooter (Gargoyle Hexslinger)                 Turns: 856, Time: 00:00:25

Health: -1/21      AC:  6    Str: 17    XL:     3   Next: 37%
Magic:  4/4        EV: 12    Int: 13    God:
Gold:   46         SH:  0    Dex: 14    Spells: 3/4 levels left

rFire   . . .        Y - +2 sling
rCold   . . .        (no shield)
rNeg    + . .        c - +0 robe
rPois   inf          (no helmet)
rElec   +            (no cloak)
rCorr   .            j - +0 pair of gloves
SInv    .            (no boots)
Will    .....        f - amulet of faith
Stlth   +            g - +6 ring of strength
HPRegen 0.23/turn    (no ring)
MPRegen 0.09/turn

%: faith
@: no status effects
A: sickness immunity, AC +3, negative energy resistance 1, electricity
resistance, torment resistance 1, petrification resistance
a: no special abilities


You were on level 2 of the Dungeon.
You visited 1 branch of the dungeon, and saw 2 of its levels.

You collected 46 gold pieces.


Innate Abilities, Weirdness & Mutations

You are immune to sickness and miasma.
Your stone body is resilient. (AC +3)
You are immune to poison.
You resist negative energy. (rN+)
You are resistant to electric shocks. (rElec)
You are resistant to unholy torment.
You are immune to petrification.


   Skills:
 - Level 2.0 Fighting
 + Level 3.3 Ranged Weapons
 - Level 1.5 Dodging
 - Level 1.0 Spellcasting
 - Level 2.6 Hexes


You had 3 spell levels left.
You knew the following spells:

 Your Spells              Type           Power      Damage    Failure   Level
a - Slow                  Hex            28%        N/A       10%         1

Your spell library contained the following spells:

 Spells                   Type           Power      Damage    Failure   Level
 Inner Flame              Hex/Fire       4%         N/A       43%         3
 Portal Projectile        Hex/Tloc       8%         N/A       43%         3
 Cause Fear               Hex            3%         N/A       67%         4

Inventory:

Hand Weapons
 Y - a +2 sling (weapon)
Armour
 c - a +0 robe (worn)
 j - a +0 pair of gloves (worn)
Jewellery
 f - an amulet of faith (around neck)
 g - a +6 ring of strength (left hand)
Potions
 e - a potion of invisibility {unknown}
 h - a potion of might {unknown}
 i - a potion of brilliance {unknown}
 k - a potion of heal wounds {unknown}
 m - a potion of curing {unknown}

Dungeon Overview and Level Annotations

Branches:
Dungeon (2/15)

Altars:

Annotations:
D:2 Jessica


Message History

You shoot a sling bullet. The ball python hisses angrily.
The sling bullet hits the ball python.
The ball python is severely wounded.
You shoot a sling bullet.
The sling bullet closely misses the ball python.
You shoot a sling bullet. The sling bullet hits the ball python.
You kill the ball python!
You see here a ball python corpse.
Jessica the Apprentice Sorceress comes into view.
She is wielding a +0 club, wearing a +2 robe of willpower and carrying a wand of flame (21).
You shoot a sling bullet.
The sling bullet completely misses Jessica.
Jessica shouts!
Jessica zaps a wand.
The puff of flame misses you.
You shoot a sling bullet.
The sling bullet closely misses Jessica.
Jessica zaps a wand.
The puff of flame hits you!
Jessica points at you and mumbles some strange words.
Pain shoots through your body!
847 ||| FLEEEEING.
848 ||| FLEEEEING.
849 ||| STILL FLEEEEING.
850 ||| FLEEEEING.
851 ||| FLEEEEING.
Jessica gestures wildly while chanting.
Jessica seems to speed up.
You shoot a sling bullet.
The sling bullet closely misses Jessica.
You shoot a sling bullet.
The sling bullet closely misses Jessica.
You shoot a sling bullet.
The sling bullet hits Jessica but does no damage.
Jessica zaps a wand.
The puff of flame hits you!
You shoot a sling bullet.
The sling bullet hits Jessica but does no damage.
Jessica hits you but does no damage.
You shoot a sling bullet.
The sling bullet completely misses Jessica.
Jessica closely misses you.
Jessica zaps a wand.
The puff of flame hits you.
You die...

######### # ###
###......<#
#.###8###8##.######
#......@@...#
#...%......##
#..######### #8..
##.. #@. #.. 8..
#..


You could see Jessica (fast).

Vanquished Creatures
  2 dart slugs (D:1)
  3 ball pythons
  3 bats (D:1)
  4 endoplasms (D:1)
  A giant cockroach (D:1)
  6 hobgoblins (D:1)
  A quokka (D:1)
  2 frilled lizards (D:1)
  A goblin (D:1)
  4 kobolds (D:1)
  2 rats (D:1)
29 creatures vanquished.

Notes
Turn   | Place    | Note
-------+----------+-------------------------------------------
     0 | D:1      | qw the Gargoyle Hexslinger began the quest for the Orb.
     0 | D:1      | Reached XP level 1. HP: 12/12 MP: 2/2
     0 | D:1      | 0 ||| qw: Version: 0.3-a-46-gb1f654a
     0 | D:1      | 0 ||| qw: Game counter: 2058
     0 | D:1      | 0 ||| qw: Melee chars always use a shield: true
     0 | D:1      | 0 ||| qw: God list: Okawaru
     0 | D:1      | 0 ||| qw: Allow faded altars: false
     0 | D:1      | 0 ||| qw: Do Orc after clearing Dungeon:15 true
     0 | D:1      | 0 ||| qw: Do second Lair branch before Depths: true
     0 | D:1      | 0 ||| qw: Lair rune preference: random
     0 | D:1      | 0 ||| qw: Goals: Normal
     0 | D:1      | 0 ||| PLANNING D:1-11
    15 | D:1      | 15 ||| FLEEEEING.
    19 | D:1      | 19 ||| FLEEEEING.
    25 | D:1      | 25 ||| Stepping ~*~*~tactically~*~*~ (water).
    27 | D:1      | 27 ||| FLEEEEING.
    28 | D:1      | 28 ||| FLEEEEING.
    29 | D:1      | 29 ||| FLEEEEING.
   118 | D:1      | Reached XP level 2. HP: 16/16 MP: 3/3
   224 | D:1      | Reached skill level 3 in Ranged Weapons
   254 | D:1      | Found a faded altar of an unknown god.
   363 | D:1      | Reached XP level 3. HP: 21/21 MP: 4/4
   801 | D:1      | 801 ||| UPGRADING to +0 pair of gloves.
   806 | D:1      | 806 ||| UPGRADING to amulet of faith.
   811 | D:1      | 811 ||| UPGRADING to +6 ring of strength.
   812 | D:1      | 812 ||| READING scroll labelled LOGGOPNEUSK.
   813 | D:1      | 813 ||| READING scroll labelled YKOZULY GOFIUT.
   814 | D:1      | 814 ||| READING scroll labelled XAASTU ULIFIARYIRR.
   815 | D:1      | 815 ||| DROPPING scroll of poison.
   844 | D:2      | Noticed Jessica
   847 | D:2      | 847 ||| FLEEEEING.
   848 | D:2      | 848 ||| FLEEEEING.
   850 | D:2      | 850 ||| FLEEEEING.
   851 | D:2      | 851 ||| FLEEEEING.
   854 | D:2      | HP: 5/21 [Jessica/puff of flame (8)]
   856 | D:2      | Killed from afar by Jessica

Levels and vault maps discovered:
D:1:      eino_arrival_cavern_b, layout_basic,
          hellmonk_ecumenical_altar_heavens_door, minmay_box_of_dots
D:2:      layout_basic, serial_corexii_hall, chequers_hall_statues_corner_a,
          corexii_hall_statues_l, st_stairs_10, minmay_tripent, uniq_robin,
          uniq_terence, uniq_jessica

Skill      XL: |  1  2  3 |
---------------+----------+-----
Ranged Weapons | 3 |  3.3
Fighting       | 2 |  2.0
Dodging        | |  1.5
Spellcasting   | |  1.0
Hexes          | |  2.6

Action                     || total
---------------------------++-------
   Fire: Sling             ||    97
    Use: Scroll            ||     3
 Armour: Robe              ||    20
  Dodge: Dodged            ||    28

Table legend:
 A = Non-vault XP
 B = Vault XP
 C = Vault XP percentage of total XP
 D = Non-vault monster count
 E = Vault monster count
 F = Vault count percentage of total count
                 A         B        C        D         E       F
            +---------+---------+-------+---------+---------+-------
      Total |      45 |       7 |  13.5 |      25 |       4 |  13.8
            +---------+---------+-------+---------+---------+-------
        D:1 |      44 |       7 |  13.7 |      24 |       4 |  14.3
        D:2 |       1 |       0 |   0.0 |       1 |       0 |   0.0
            +---------+---------+-------+---------+---------+-------
